 Dungeon Crawl Stone Soup version 0.30-a0-702-gdf48620a09 (webtiles) character file.

Game seed: 17867075479027764215

386 Newt the Trooper (level 6, -4/48 HPs)
             Began as a Demonspawn Gladiator on Jan 21, 2023.
             Slain by an orc
             ... wielding a +2 falchion of electrocution
              (12 damage)
             ... on level 2 of the Dungeon.
             The game lasted 00:03:00 (2950 turns).

Newt the Trooper (Demonspawn Gladiator)             Turns: 2950, Time: 00:03:00

Health: -4/48      AC: 10    Str: 17    XL:     6   Next: 48%
Magic:  6/6        EV: 11    Int: 11    God:
Gold:   123        SH:  0    Dex: 14    Spells: 5/5 levels left

rFire   . . .      SeeInvis .    f - +0 dagger (speed)
rCold   . . .      Faith    .    (no shield)
rNeg    . . .      Spirit   .    i - +0 scale mail
rPois   .          Reflect  .    q - +0 hat
rElec   .          Harm     .    (no cloak)
rCorr   .          Rampage  .    (no gloves)
Will    .....                    (no boots)
Stlth   +                        (no amulet)
HPRegen 0.28/turn                k - +4 ring of protection
MPRegen 0.20/turn                (no ring)

@: no status effects
A: powered by death 1, magic regeneration, big brain 1, weakness stinger 2
a: no special abilities


You were on level 2 of the Dungeon.
You visited 1 branch of the dungeon, and saw 3 of its levels.

You collected 123 gold pieces.

Inventory:

Hand Weapons
 a - a +0 heavy rapier
 f - a +0 dagger of speed (weapon)
Missiles
 d - 2 throwing nets (quivered)
Armour
 b - a +0 leather armour
 c - a +0 helmet
 i - a +0 scale mail (worn)
 q - a +0 hat (worn)
Jewellery
 k - a +4 ring of protection (left hand)
Scrolls
 g - 2 scrolls of brand weapon
 l - a scroll of blinking
 r - a scroll of butterflies
Potions
 h - a potion of cancellation
 j - 4 potions of curing
 o - 2 potions of heal wounds {unknown}
 p - a potion of resistance {unknown}


   Skills:
 - Level 4.0 Fighting
 - Level 2.6 Short Blades
 - Level 1.7 Throwing
 + Level 3.5 Armour
 - Level 4.0 Dodging
 - Level 2.0 Stealth


You had 5 spell levels left.
You didn't know any spells.
Your spell library was empty.

Dungeon Overview and Level Annotations

Branches:
Dungeon (3/15)

Altars:
Wu Jian

Shops:
D:3 =[


Innate Abilities, Weirdness & Mutations

You regenerate a little health from kills.
You regenerate magic rapidly.
You have an unusually large brain. (Int +2)
You have a tail ending in a sharp stinger.


Message History

The orc priest struggles against the net.
The jackal barely misses you. The orc hits you with a +0 club.
The frilled lizard hisses angrily.
You hit the orc priest but do no damage.
You tail-slap the orc priest.
You kill the orc priest!
The jackal barely misses you. The orc barely misses you.
An endoplasm comes into view.
The orc hits you but does no damage. The orc hits you with a +0 morningstar.
The orc misses you.
A jackal comes into view.
The orc closely misses you. The orc attacks as you move away!
The orc misses you.
Found a stone staircase leading down.
A jackal comes into view.
The jackal barely misses you. The orc barely misses you.
The jackal bites you but does no damage.
The jackal closely misses you.
The jackal moves out of view.
There is an escape hatch in the ceiling here.
The jackal closely misses you.
The jackal bites you but does no damage.
The orc hits you with a +2 falchion of electrocution.
The orc closely misses you. The orc barely misses you.
A mysterious force pulls you upwards. The hatch slams shut behind you.
Unknown command.
You hit the orc but do no damage. The jackal closely misses you.
The jackal completely misses you.
You hit the orc but do no damage. The orc hits you with a +0 club.
The orc hits you with a +2 falchion of electrocution.
You are electrocuted!!
* * * LOW HITPOINT WARNING * * *
You feel better.
The jackal bites you but does no damage. x2
The jackal barely misses you.
The jackal bites you but does no damage.
The orc hits you but does no damage.
The orc hits you with a +2 falchion of electrocution.
* * * LOW HITPOINT WARNING * * *
You are electrocuted!
You die...

##...## #.._..####..'..8.
#.....# #..........##....
#.....# #......######....
####.....#########....#
###''
##...............####.##
#.... ..[.......######.#
#.### #..## #######.#.#
#.# #...# #.## #.#.#
#h####)..#####.### #.#.#
###@.....<.......... #.#.#
#.ooh.....[...##.### #.#.#
#.##[.........##.### #.#.#
#.##................
##[#.#
#.##................
#..#.#
##................###
#.##.###.###...#...#######
#.......## ##..##.##
#......## ##.##)#


You could see 2 orcs and 2 jackals.

Vanquished Creatures
  Sigmund (D:2)
  A hound (D:3)
  An orc priest (D:3)
  Robin (D:2)
  9 adders
  A worm (D:2)
  3 orcs (D:2)
  4 bats
  2 endoplasms
  A giant cockroach (D:3)
  4 hobgoblins
  5 jackals (D:1)
  2 quokkas (D:2)
  3 ball pythons
  6 frilled lizards
  15 goblins
  6 kobolds
  2 rats (D:2)
67 creatures vanquished.

Notes
Turn   | Place    | Note
-------+----------+-------------------------------------------
     0 | D:1      | Newt the Demonspawn Gladiator began the quest for the Orb.
     0 | D:1      | Reached XP level 1. HP: 16/16 MP: 1/1
    60 | D:1      | Reached skill level 1 in Stealth
   261 | D:1      | Gained mutation: You regenerate magic rapidly. [demonic
                  | ancestry]
   261 | D:1      | Reached XP level 2. HP: 22/22 MP: 2/2
   505 | D:1      | Found a faded altar of an unknown god.
   779 | D:2      | Noticed Robin
   978 | D:1      | Gained mutation: You have an unusually large brain. (Int
                  | +2) [demonic ancestry]
   978 | D:1      | Reached XP level 3. HP: 16/28 MP: 3/3
  1179 | D:2      | Killed Robin
  1233 | D:2      | Found an ornate altar of the Wu Jian Council.
  1425 | D:2      | Gained mutation: You have a small tail. [demonic ancestry]
  1425 | D:2      | Reached XP level 4. HP: 31/37 MP: 4/4
  1569 | D:2      | Noticed Sigmund
  2206 | D:2      | Killed Sigmund
  2207 | D:2      | Gained mutation: You regenerate a little health from kills.
                  | [demonic ancestry]
  2207 | D:2      | Reached XP level 5. HP: 31/42 MP: 5/5
  2274 | D:2      | Gained mutation: You have a tail ending in a sharp stinger.
                  | [demonic ancestry]
  2274 | D:2      | Reached XP level 6. HP: 48/48 MP: 6/6
  2743 | D:3      | Found Zuisif's Antique Armour Emporium.
  2936 | D:3      | Found Oluechy's Jewellery Shop.
  2950 | D:2      | Slain by an orc

Illustrated notes

Levels and vault maps discovered:
D:1:      heliophobic_arrival_enchanted_forest, layout_basic,
          hellmonk_ecumenical_altar_pennies_from_heaven
D:2:      layout_loops_ring, basic_altar, kennysheep_generic_room_12,
          uniq_robin, uniq_sigmund
D:3:      layout_basic, lemuel_coloured_pillars_altar,
          mainiacjoe_overflow_boulevard, serial_shops, shop, shop,
          saegor_snake_ambush

Skill      XL: |  1  2  3  4  5  6 |
---------------+-------------------+-----
Stealth        | 1 2 |  2.0
Fighting       | 3 4 |  4.0
Dodging        | 4 |  4.0
Armour         | 2 3 |  3.5
Short Blades   | |  2.6
Throwing       | |  1.7

Action                   |  1- 3 |  4- 6 || total
-------------------------+-------+-------++-------
Melee: Rapier            |    22 |       ||    22
       Dagger            |   203 |   191 ||   394
       Punch             |     1 |     3 ||     4
       Tailslap          |       |    32 ||    32
Throw: Throwing net      |       |     3 ||     3
       Javelin           |       |     2 ||     2
  Use: Scroll            |     6 |       ||     6
       Potion            |       |     2 ||     2
 Stab: Sleeping          |     1 |       ||     1
Armor: Leather armour    |    97 |    25 ||   122
       Scale mail        |       |    28 ||    28
Dodge: Dodged            |   143 |   103 ||   246

Table legend: (Time is in decaauts)
 A = Elapsed time spent in this place.
 B = Non-inter-level travel time spent in this place.
 C = Inter-level travel time spent in this place.
 D = Time resting spent in this place.
 E = Time spent auto-exploring this place.
 F = Levels seen in this place.
 G = Mean time per level.
                   A        B        C        D        E       F      G
               +--------+--------+--------+--------+--------+-----+--------+
         Total |   2767 |   2721 |     46 |    837 |   1339 |   3 |  922.3 |
       Dungeon |   2767 |   2721 |     46 |    837 |   1339 |   3 |  922.3 |
               +--------+--------+--------+--------+--------+-----+--------+

Top non-repeatable levels by time:
     D:2: 1483 daAuts
     D:1: 1097 daAuts
     D:3: 186 daAuts
